PBL
SEATTLE MARINERS @ DETROIT TIGERS
03/08/2071
 
TOP OF THE 1ST
Seattle Mariners batting - Pitching for Detroit Tigers : LHP Loren Simpson
Pitching: LHP Loren Simpson
Batting: SHB Nick Manning 0-0: Called Strike
0-1: Ball
1-1: Swinging Strike
1-2: Strikes out swinging
Batting: RHB Ralph Irwin 0-0: Fly out, F7 (Flyball, 7D, EV 85.0 MPH)
Batting: SHB Nathan Martin 0-0: Fly out, F5 (Popup, 5S, EV 77.5 MPH)
Top of the 1st over - 0 runs, 0 hits, 0 errors, 0 left on base; Seattle 0 - Detroit 0
BOTTOM OF THE 1ST
Detroit Tigers batting - Pitching for Seattle Mariners : RHP Steven Parkinson
Pitching: RHP Steven Parkinson
Batting: SHB Jorge Morán 0-0: Swinging Strike
0-1: Ground out 1-3 (Groundball, 13S, EV 60.6 MPH)
Batting: RHB David Fisher 0-0: Called Strike
0-1: Ball
1-1: Called Strike
1-2: Ball
2-2: Strikes out swinging
Batting: LHB Jorge Fernández 0-0: Ball
1-0: Ground out 6-3 (Groundball, 6M, EV 87.5 MPH)
Bottom of the 1st over - 0 runs, 0 hits, 0 errors, 0 left on base; Seattle 0 - Detroit 0
TOP OF THE 2ND
Seattle Mariners batting - Pitching for Detroit Tigers : LHP Loren Simpson
Batting: RHB Ronald McDonald 0-0: Called Strike
0-1: Called Strike
0-2: Ball
1-2: Ball
2-2: Ground out 6-3 (Groundball, 6, EV 88.1 MPH)
Batting: RHB Juan Alfaro 0-0: Ball
1-0: Ball
2-0: Ball
3-0: Called Strike
3-1: Called Strike
3-2: Foul Ball, location: 23F
3-2: Base on Balls
Batting: LHB Adam O'Kearin 0-0: Ball
1-0: Swinging Strike
1-1: SINGLE (Groundball, 56D, EV 96.3 MPH)
Juan Alfaro to second
Batting: LHB José Rivera 0-0: Ball
1-0: Called Strike
1-1: Foul Ball, location: 7LDF
1-2: Ball
2-2: Ball
3-2: Strikes out swinging
Batting: RHB Carlos Matos 0-0: Ball
1-0: Foul Ball, location: 7LDF
1-1: Ball
2-1: Fly out, F7 (Flyball, 7LD, EV 80.6 MPH)
Top of the 2nd over - 0 runs, 1 hit, 0 errors, 2 left on base; Seattle 0 - Detroit 0
BOTTOM OF THE 2ND
Detroit Tigers batting - Pitching for Seattle Mariners : RHP Steven Parkinson
Batting: RHB Luis Martínez 0-0: Foul Ball, location: 2F
0-1: Ball
1-1: Ground out 6-3 (Groundball, 6, EV 92.5 MPH)
Batting: LHB Masanori Ikeda 0-0: Foul Ball, location: 5DF
0-1: Ball
1-1: Swinging Strike
1-2: Ball
2-2: Foul Ball, location: 25F
2-2: Foul Ball, location: 5F
2-2: Ball
3-2: Foul Ball, location: 2F
3-2: Fly out, F7 (Flyball, 78M, EV 94.4 MPH)
Batting: RHB Jim Velazaqau 0-0: Ball
1-0: Called Strike
1-1: Called Strike
1-2: Foul Ball, location: 2F
1-2: Fly out, F7 (Flyball, 7, EV 87.5 MPH)
Bottom of the 2nd over - 0 runs, 0 hits, 0 errors, 0 left on base; Seattle 0 - Detroit 0
TOP OF THE 3RD
Seattle Mariners batting - Pitching for Detroit Tigers : LHP Loren Simpson
Batting: LHB Mike Heethe 0-0: Ball
1-0: Fly out, F7 (Line Drive, 78M, EV 84.4 MPH)
Batting: SHB Nick Manning 0-0: Called Strike
0-1: Foul Ball, location: 9LSF
0-2: SINGLE (Groundball, 34D, EV 105.0 MPH) (infield hit)
Batting: RHB Ralph Irwin 0-0: Ball
Nick Manning steals 2nd base (no throw)
1-0: Ball
2-0: SINGLE (Groundball, 34D, EV 95.0 MPH)
Nick Manning to third
Runner from 3rd tries for Home, SAFE, throw by RF to home
Batting: SHB Nathan Martin 0-0: Ball
1-0: 2-RUN HOME RUN (Line Drive, 7D, EV 104.4 MPH), Distance : 397 ft
Batting: RHB Ronald McDonald 0-0: Ball
1-0: Foul Ball, location: 2F
1-1: Swinging Strike
1-2: Strikes out swinging
Batting: RHB Juan Alfaro 0-0: Foul Ball, location: 2F
0-1: Swinging Strike
0-2: Ball
1-2: Strikes out looking
Top of the 3rd over - 3 runs, 3 hits, 0 errors, 0 left on base; Seattle 3 - Detroit 0
BOTTOM OF THE 3RD
Detroit Tigers batting - Pitching for Seattle Mariners : RHP Steven Parkinson
Batting: LHB Archie Wood 0-0: Called Strike
0-1: Foul Ball, location: 7LMF
0-2: Fly out, F9 (Flyball, 9, EV 85.6 MPH)
Batting: RHB Steve Reid 0-0: Swinging Strike
0-1: Foul Ball, location: 25F
0-2: Ball
1-2: Strikes out swinging
Batting: LHB Miguel Martínez 0-0: Ball
1-0: Ball
2-0: Called Strike
2-1: Swinging Strike
2-2: Ground out 4-3 (Groundball, 4, EV 80.0 MPH)
Bottom of the 3rd over - 0 runs, 0 hits, 0 errors, 0 left on base; Seattle 3 - Detroit 0
TOP OF THE 4TH
Seattle Mariners batting - Pitching for Detroit Tigers : LHP Loren Simpson
Batting: LHB Adam O'Kearin 0-0: Called Strike
0-1: Called Strike
0-2: Ball
1-2: Ball
2-2: Foul Ball, location: 5F
2-2: Strikes out looking
Batting: LHB José Rivera 0-0: Swinging Strike
0-1: SINGLE (Groundball, 6D, EV 100.6 MPH)
Batting: RHB Carlos Matos 0-0: Called Strike
0-1: Ball
1-1: Grounds into double play, 6-4-3 (Groundball, 6, EV 106.3 MPH)
Top of the 4th over - 0 runs, 1 hit, 0 errors, 0 left on base; Seattle 3 - Detroit 0
BOTTOM OF THE 4TH
Detroit Tigers batting - Pitching for Seattle Mariners : RHP Steven Parkinson
Batting: SHB Jorge Morán 0-0: Ground out 1-3 (Groundball, P, EV 65.6 MPH)
Batting: RHB David Fisher 0-0: Foul Ball, location: 5F
0-1: Ball
1-1: Ball
2-1: Fly out, F8 (Flyball, 8RS, EV 86.9 MPH)
Batting: LHB Jorge Fernández 0-0: Swinging Strike
0-1: Ball
1-1: Called Strike
1-2: Fly out, F8 (Flyball, 8RM, EV 93.8 MPH)
Bottom of the 4th over - 0 runs, 0 hits, 0 errors, 0 left on base; Seattle 3 - Detroit 0
TOP OF THE 5TH
Seattle Mariners batting - Pitching for Detroit Tigers : LHP Loren Simpson
Now at 3B: Charlie Mitchin
Now in LF: Randy Harris
Now in CF: Steve Reid
Batting: LHB Mike Heethe 0-0: Ball
1-0: Foul Ball, location: 2F
1-1: Ball
2-1: Foul Ball, location: 3F
2-2: Strikes out swinging
Batting: SHB Nick Manning 0-0: Ball
1-0: Ground out 6-3 (Groundball, 6, EV 85.0 MPH)
Batting: RHB Ralph Irwin 0-0: Ball
1-0: Fly out, F8 (Flyball, 8RD, EV 90.6 MPH)
Top of the 5th over - 0 runs, 0 hits, 0 errors, 0 left on base; Seattle 3 - Detroit 0
BOTTOM OF THE 5TH
Detroit Tigers batting - Pitching for Seattle Mariners : RHP Steven Parkinson
Now at 2B: Nathan Martin
Now at 3B: Joe Bancroft
Now at SS: Aaron Trebel
Batting: RHB Luis Martínez 0-0: Foul Ball, location: 9LSF
0-1: Ball
1-1: SINGLE (Groundball, 6MS, EV 85.6 MPH) (infield hit)
Batting: LHB Masanori Ikeda 0-0: SINGLE (Flyball, 6D, EV 97.5 MPH)
Luis Martínez to second
Batting: RHB Jim Velazaqau 0-0: Foul Ball, location: 5F
0-1: Ball
1-1: Ball
2-1: Ball
3-1: Swinging Strike
3-2: Base on Balls
Luis Martínez to third
Masanori Ikeda to second
Batting: LHB Archie Wood 0-0: Ball
1-0: Called Strike
1-1: Foul Ball, location: 25FF
1-2: Foul Ball, location: 5DF
1-2: Fly out, F9 (Flyball, 89S, EV 98.1 MPH)
Batting: RHB Steve Reid 0-0: Called Strike
0-1: Fielders Choice at 2nd, 6-4 (Groundball, 6, EV 91.3 MPH)
Luis Martínez scores
Masanori Ikeda to third
Batting: LHB Miguel Martínez 0-0: Called Strike
0-1: Ball
1-1: Called Strike
1-2: Foul Ball, location: 2F
1-2: Strikes out swinging
Bottom of the 5th over - 1 run, 2 hits, 0 errors, 2 left on base; Seattle 3 - Detroit 1
TOP OF THE 6TH
Seattle Mariners batting - Pitching for Detroit Tigers : LHP Loren Simpson
Pitching: LHP Joe Mahoney
Now at C: Brent Tanner
Now at 2B: Katsuhiko Okamura
Pinch Hitting: RHB Carlos Alfonso 0-0: Ball
1-0: Fly out, F4 (Popup, 4M, EV 56.3 MPH)
Pinch Hitting: LHB Michael Baker 0-0: SINGLE (Line Drive, 9S, EV 96.9 MPH)
Pinch Hitting: SHB Pete Williams 0-0: Ball
1-0: Grounds into double play, 5-4-3 (Groundball, 5, EV 103.1 MPH)
Top of the 6th over - 0 runs, 1 hit, 0 errors, 0 left on base; Seattle 3 - Detroit 1
BOTTOM OF THE 6TH
Detroit Tigers batting - Pitching for Seattle Mariners : RHP Steven Parkinson
Pitching: RHP Woody Gwynn j
Now at 1B: Pete Williams
Now at 2B: Carlos Alfonso
Now in LF: Michael Baker
Now in RF: Mike Heethe
Batting: LHB Randy Harris 0-0: Fly out, F2 (Popup, 25F, EV 91.9 MPH)
Batting: RHB Charlie Mitchin 0-0: SINGLE (Groundball, 4M, EV 97.5 MPH)
Batting: RHB Takayuki Oda 0-0: Ball
1-0: Foul Ball, location: 9LDF
1-1: Ball
2-1: Ball
3-1: Foul Ball, location: 2F
3-2: SINGLE (Groundball, 2L, EV 72.5 MPH) (infield hit)
Charlie Mitchin to second
Batting: RHB Luis Martínez 0-0: Foul Ball, location: 7LSF
0-1: Called Strike
0-2: SINGLE (Flyball, 9LS, EV 92.5 MPH)
Charlie Mitchin to third
Takayuki Oda to second
Pinch Hitting: LHB Dong-po Xiong 0-0: Grounds into fielders choice 4-2 (Groundball, 4, EV 79.4 MPH)
Takayuki Oda to third
Luis Martínez to second
Batting: RHB Katsuhiko Okamura 0-0: Swinging Strike
0-1: Ball
1-1: Called Strike
1-2: Ball
2-2: SINGLE (Line Drive, 4M, EV 98.1 MPH)
Takayuki Oda scores
Luis Martínez to third
Dong-po Xiong to second
Runner from 3rd tries for Home, SAFE, throw by CF to home
Batting: LHB Archie Wood 0-0: Foul Ball, location: 2F
0-1: Foul Ball, location: 25FF
0-2: DOUBLE (Groundball, 3L, EV 109.4 MPH)
Dong-po Xiong scores
Katsuhiko Okamura to third
Pinch Hitting: RHB Dan Jones 0-0: Ball
1-0: Ball
2-0: Foul Ball, location: 2LF
2-1: Fly out, F6 (Popup, P, EV 79.4 MPH)
Bottom of the 6th over - 3 runs, 5 hits, 0 errors, 2 left on base; Seattle 3 - Detroit 4
TOP OF THE 7TH
Seattle Mariners batting - Pitching for Detroit Tigers : LHP Joe Mahoney
Now in LF: Dan Jones
Now in CF: Randy Harris
Now in RF: Dong-po Xiong
Pinch Hitting: LHB Patrick Graham 0-0: Foul Ball, location: 7LSF
0-1: Foul Ball, location: 7LSF
0-2: Ball
1-2: Fly out, F7 (Flyball, 78M, EV 91.9 MPH)
Batting: LHB José Rivera 0-0: Called Strike
0-1: Fly out, F7 (Line Drive, 7, EV 89.4 MPH)
Batting: SHB Aaron Trebel 0-0: Swinging Strike
0-1: Ball
1-1: Swinging Strike
1-2: SINGLE (Groundball, 6MD, EV 101.9 MPH)
Pinch Hitting: LHB Grady Arredondo 0-0: Called Strike
0-1: Called Strike
0-2: Fly out, F7 (Line Drive, 7, EV 87.5 MPH)
Top of the 7th over - 0 runs, 1 hit, 0 errors, 1 left on base; Seattle 3 - Detroit 4
BOTTOM OF THE 7TH
Detroit Tigers batting - Pitching for Seattle Mariners : RHP Woody Gwynn j
Pitching: RHP Jorge Bernard
Now at C: Barrett Hubbard
Now in CF: Patrick Graham
Now in RF: Grady Arredondo
Batting: LHB Brent Tanner 0-0: Ball
1-0: Ball
2-0: Foul Ball, location: 25F
2-1: Ball
3-1: Foul Ball, location: 3SF
3-2: DOUBLE (Line Drive, 5D, EV 96.9 MPH)
Batting: LHB Randy Harris 0-0: Ball
1-0: Called Strike
1-1: SINGLE (Line Drive, 8RS, EV 91.3 MPH)
Brent Tanner to third
Runner from 3rd tries for Home, SAFE, throw by CF to home
Batting: RHB Charlie Mitchin 0-0: Called Strike
0-1: SINGLE (Line Drive, 9LS, EV 103.8 MPH)
Randy Harris to second
Batting: RHB Takayuki Oda 0-0: Called Strike
0-1: SINGLE (Line Drive, 4D, EV 107.5 MPH)
Randy Harris to third
Charlie Mitchin to second
Batting: RHB Luis Martínez 0-0: Ball
1-0: Called Strike
1-1: Foul Ball, location: 2F
1-2: Ball
2-2: GRAND SLAM HOME RUN (Line Drive, 9LD, EV 96.3 MPH), Distance : 368 ft
Pitching: RHP Ryan Ankenman
Batting: LHB Dong-po Xiong 0-0: Ball
1-0: Foul Ball, location: 2F
1-1: Swinging Strike
1-2: Ball
2-2: Ball
3-2: Strikes out swinging
Batting: RHB Katsuhiko Okamura 0-0: Foul Ball, location: 7LSF
0-1: Foul Ball, location: 5FF
0-2: Ball
1-2: Ball
2-2: Ground out 6-3 (Groundball, 6, EV 92.5 MPH)
Batting: LHB Archie Wood 0-0: Ball
1-0: Swinging Strike
1-1: Foul Ball, location: 5FF
1-2: Ground out 5-3 (Groundball, 56, EV 82.5 MPH)
Bottom of the 7th over - 5 runs, 5 hits, 0 errors, 0 left on base; Seattle 3 - Detroit 9
TOP OF THE 8TH
Seattle Mariners batting - Pitching for Detroit Tigers : LHP Joe Mahoney
Pitching: LHP Conner Cameron
Batting: RHB Raúl Contreras 0-0: Called Strike
0-1: Ball
1-1: Called Strike
1-2: SINGLE (Groundball, 6MD, EV 99.4 MPH)
Batting: SHB Joe Bancroft 0-0: Grounds into double play, 6-4-3 (Groundball, 56, EV 92.5 MPH)
Batting: RHB Carlos Alfonso 0-0: Ball
1-0: Ball
2-0: Called Strike
2-1: Foul Ball, location: 3SF
2-2: Foul Ball, location: 2F
2-2: Strikes out swinging, 2-3 out at first.
Top of the 8th over - 0 runs, 1 hit, 0 errors, 0 left on base; Seattle 3 - Detroit 9
BOTTOM OF THE 8TH
Detroit Tigers batting - Pitching for Seattle Mariners : RHP Ryan Ankenman
Pitching: LHP Ed Fowler
Batting: RHB Dan Jones 0-0: Called Strike
0-1: Foul Ball, location: 2F
0-2: Ball
1-2: Reached via error on a dropped throw from 3B, E3 (Groundball, 56, EV 103.1 MPH)
Batting: LHB Brent Tanner 0-0: Called Strike
0-1: Fielders Choice at 2nd, 4-6 (Groundball, 34S, EV 78.8 MPH)
Batting: LHB Randy Harris 0-0: Swinging Strike
0-1: Ball
1-1: Ball
2-1: Foul Ball, location: 2F
2-2: Ball
3-2: Base on Balls
Brent Tanner to second
Pinch Hitting: RHB Pete Powell 0-0: Called Strike
0-1: Fly out, F7 (Flyball, 7S, EV 95.6 MPH)
Batting: RHB Bob Stevenson 0-0: Foul Ball, location: 9LDF
0-1: Called Strike
0-2: Ball
1-2: Foul Ball, location: 2F
1-2: Hit by Pitch
Brent Tanner to third
Randy Harris to second
Batting: RHB Luis Martínez 0-0: Called Strike
0-1: Ball
1-1: Foul Ball, location: 5FF
1-2: Ball
2-2: Strikes out swinging
Bottom of the 8th over - 0 runs, 0 hits, 1 error, 3 left on base; Seattle 3 - Detroit 9
TOP OF THE 9TH
Seattle Mariners batting - Pitching for Detroit Tigers : LHP Conner Cameron
Pitching: RHP Arturo Perales
Now at 1B: Pete Powell
Now at 3B: Luis Martínez
Batting: LHB Michael Baker 0-0: Called Strike
0-1: Swinging Strike
0-2: Strikes out swinging
Batting: SHB Pete Williams 0-0: Ball
1-0: Ball
2-0: Foul Ball, location: 2F
2-1: Fly out, F7 (Line Drive, 56D, EV 61.9 MPH)
Batting: LHB Patrick Graham 0-0: Fly out, F5 (Popup, 15, EV 88.8 MPH)
Top of the 9th over - 0 runs, 0 hits, 0 errors, 0 left on base; Seattle 3 - Detroit 9
Thursday, March 28th , 2024 - OOTP Baseball 24.10 Build 82